 Dungeon Crawl Stone Soup version 0.27-a0-1116-g91b3acb402 (webtiles) character file.

Game seed: 14244398761236504486

7 Zeld the Vexing (level 2, 18/18 HPs)
             Began as an Octopode Arcane Marksman on May 1, 2021.
             Quit the game on level 1 of the Dungeon.
             The game lasted 00:00:29 (309 turns).

Zeld the Vexing (Octopode Arcane Marksman)           Turns: 309, Time: 00:00:29

Health: 18/18      AC:  1    Str:  9    XL:     2   Next: 0%
Magic:  3/3        EV: 13    Int: 15    God:
Gold:   0          SH:  0    Dex: 12    Spells: 2/3 levels left

rFire    . . .     SeeInvis .   a - +0 shortbow
rCold    . . .     Faith    .   (shield currently unavailable)
rNeg     . . .     Spirit   .   (helmet restricted)
rPois    .         Reflect  .   (no amulet)
rElec    .         Harm     .   (no ring)
rCorr    .         Rampage  .   (no ring)
Will     .....                  (no ring)
Stlth    ++........             (no ring)
HPRegen  0.06/turn              (no ring)
MPRegen  0.08/turn              (no ring)
                                (no ring)
                                (no ring)

@: no status effects
A: almost no armour, amphibious, 8 rings, camouflage 1, gelatinous body 1,
(nimble swimmer 1), tentacles
a: no special abilities


You were on level 1 of the Dungeon.
You visited 1 branch of the dungeon, and saw 1 of its levels.

Inventory:

Hand Weapons
 a - a +0 shortbow (weapon)
Missiles
 c - 16 arrows (quivered ammo)
Scrolls
 d - a scroll of teleportation {unknown}
Potions
 b - a potion of attraction {unknown}
 e - a potion of degeneration {unknown}


   Skills:
 + Level 1.0 Fighting
 + Level 2.0 Bows
 + Level 2.2 Dodging
 + Level 1.1 Spellcasting
 + Level 3.2 Hexes


You had 2 spell levels left.
You knew the following spells:

 Your Spells              Type           Power      Damage    Failure   Level
a - Corona                Hex            11%        N/A       6%          1

Your spell library contained the following spells:

 Spells                   Type           Power      Damage    Failure   Level
 Slow                     Hex            10%        N/A       10%         2
 Inner Flame              Hex/Fire       5%         N/A       36%         3
 Portal Projectile        Hex/Tloc       10%        N/A       36%         3
 Cause Fear               Hex            5%         N/A       54%         4
 Leda's Liquefaction      Hex/Erth       2%         N/A       77%         4


Dungeon Overview and Level Annotations

Branches:
Dungeon (1/15)

Altars:


Innate Abilities, Weirdness & Mutations

You cannot wear most types of armour.
You are amphibious.
You can wear up to eight rings at the same time.
Your skin changes colour to match your surroundings (Stealth+).
Your rubbery body absorbs attacks. (AC +1, EV +1)
((You are camouflaged near water. (Stealth+)))
You have tentacles for arms and can constrict up to eight enemies at once.


Message History

Confirm with . or Enter, or press ? or * to list all spells.
You can't see any susceptible monsters within range! (Use Z to cast anyway.)
c - 16 arrows (gained 1)
You see here a hobgoblin corpse.
c - 17 arrows (gained 1)
A hobgoblin comes into view.
A hobgoblin is nearby!
Casting: Corona (safe; 6% risk of failure)
Confirm with . or Enter, or press ? or * to list all spells.
Aiming: Corona (safe; 6% risk of failure)
Press: ? - help, Shift-Dir - straight line, f - hobgoblin
Aim: a hobgoblin (asleep, chance to affect: 63%)
You miscast Corona.
You are very lightly contaminated with residual magic.
Nothing appears to happen.
Casting: Corona (safe; 6% risk of failure)
Confirm with . or Enter, or press ? or * to list all spells.
Aiming: Corona (safe; 6% risk of failure)
Press: ? - help, Shift-Dir - straight line, f/p - hobgoblin
Aim: a hobgoblin (asleep, chance to affect: 63%)
The hobgoblin shouts!
The hobgoblin is outlined in light.
You shoot an arrow.
The arrow completely misses the hobgoblin.
You shoot an arrow. The arrow hits the hobgoblin.
The hobgoblin is heavily wounded.
You shoot an arrow.
The arrow hits the hobgoblin but does no damage.
The hobgoblin is heavily wounded.
You shoot an arrow. The arrow hits the hobgoblin.
You kill the hobgoblin!
Your magical contamination has completely faded away.
You have reached level 2!
c - 14 arrows (gained 1)
c - 15 arrows (gained 1)
d - a scroll labelled CUPHAJ AWAU
c - 16 arrows (gained 1)
e - a green potion
Found 19 stones.
Are you sure you want to abandon this character and quit the game? (Confirm with "yes".)

#.. #. #.# #(## #. #..
... ## #. #.# #.# . ≈≈≈
#. #.# ##.# .#
.≈.##.###.###..#####..#
≈.....................
#...#.#.....#......
#..........@..#
###..#.#.....#.#
#..............#
#.#..#.##...####
#.####.###.## #.# #.#
#.# #####.# #.# #.#
..†...# #.# #.# #######
#.#


There were no monsters in sight!

Vanquished Creatures
  2 hobgoblins (D:1)
  A quokka (D:1)
  A ball python (D:1)
  2 bats (D:1)
  A goblin (D:1)
7 creatures vanquished.

Notes
Turn   | Place    | Note
-------+----------+-------------------------------------------
     0 | D:1      | Zeld the Octopode Arcane Marksman began the quest for the
                  | Orb.
     0 | D:1      | Reached XP level 1. HP: 13/13 MP: 2/2
   255 | D:1      | Reached XP level 2. HP: 18/18 MP: 0/3
   309 | D:1      | Quit the game

Illustrated notes

Levels and vault maps discovered:
D:1:      dpeg_arrival_rooms_a, layout_loops_ring, ebering_ecumenical_altar_box,
          chequers_serial_rivers_micro_d

Action                   || total
-------------------------++-------
 Fire: Shortbow          ||    18
 Cast: Corona            ||     5
Armor: Skin              ||     3
Dodge: Dodged            ||     9

Table legend: (Time is in decaauts)
 A = Elapsed time spent in this place.
 B = Non-inter-level travel time spent in this place.
 C = Inter-level travel time spent in this place.
 D = Time resting spent in this place.
 E = Time spent auto-exploring this place.
 F = Levels seen in this place.
 G = Mean time per level.
                   A        B        C        D        E       F      G
               +--------+--------+--------+--------+--------+-----+--------+
         Total |    312 |    312 |      0 |      0 |    272 |   1 |  312.0 |
       Dungeon |    312 |    312 |      0 |      0 |    272 |   1 |  312.0 |
               +--------+--------+--------+--------+--------+-----+--------+

Top non-repeatable levels by time:
     D:1: 312 daAuts
